AoeStats
← Imperator-Stitch

Arena

510076587Analyzed
1v1 RM · 4d ago on Sep 29, 2026· 28m 23s· 2 players
Game mode
Random Map
Map size
Tiny (2 player)
Population
200
Speed
Normal
Resources
Standard
Victory
Conquest
Starting age
Dark Age
Ending age
Imperial Age
RankedLock teamsTeams togetherTeam positionsShared explorationLock speedFull tech treeHidden civsTurbo modeCheats
Victory
Defeat
🇩🇪 Bohemians · Germany
610
+18
🇬🇧 Japanese · United Kingdom
650
-27
Imperator-Stitch
10:04 Loom
12:35 Feudal Age
18:45 Castle Age
17:24 Double-Bit Axe
17:35 Horse Collar
19:10 Wheelbarrow
19:54 Heavy Plow
20:35 Bow Saw
21:56 Padded Archer Armor
21:46 Fletching
27:51 Hand Cart
29:59 Chemistry
29:12 Masonry
28:58 Murder Holes
TactlessSpartan
12:46 Feudal Age
14:26 Double-Bit Axe
14:33 Gold Mining
16:04 Stone Mining
16:04 Horse Collar
20:00 Castle Age
23:41 Loom
Connection lost

Rejoining the realm…

Still unreachable

The connection could not be restored.

Session expired

The server has moved on; the page needs a fresh start.